 Dungeon Crawl Stone Soup version 0.31-a0-210-gccc998df9b (webtiles) character file.

Game seed: 10055381147037149162

30 qw the Shooter (level 3, -1/21 HPs)
             Began as a Gargoyle Hexslinger on June 30, 2023.
             Frozen to death by an endoplasm (3 damage)
             ... on level 1 of the Dungeon.
             The game lasted 00:00:23 (959 turns).

qw the Shooter (Gargoyle Hexslinger)                 Turns: 959, Time: 00:00:24

Health: -1/21      AC:  8    Str: 11    XL:     3   Next: 20%
Magic:  4/4        EV: 10    Int: 13    God:
Gold:   39         SH:  0    Dex: 14    Spells: 3/4 levels left

rFire   . . .        Y - +1 sling
rCold   . . .        (no shield)
rNeg    + . .        d - +0 ring mail
rPois   inf          (no helmet)
rElec   +            (no cloak)
rCorr   .            (no gloves)
SInv    .            (no boots)
Will    .....        (no amulet)
Stlth   +            (no ring)
HPRegen 0.23/turn    (no ring)
MPRegen 0.09/turn

%: no passive effects
@: no status effects
A: sickness immunity, AC +3, negative energy resistance 1, electricity
resistance, torment resistance 1, petrification resistance
a: no special abilities


You were on level 1 of the Dungeon.
You visited 1 branch of the dungeon, and saw 2 of its levels.

You collected 39 gold pieces.


Innate Abilities, Weirdness & Mutations

You are immune to sickness and miasma.
Your stone body is resilient. (AC +3)
You are immune to poison.
You resist negative energy. (rN+)
You are resistant to electric shocks. (rElec)
You are resistant to unholy torment.
You are immune to petrification.


   Skills:
 - Level 2.0 Fighting
 + Level 3.1 Ranged Weapons
 - Level 1.5 Dodging
 - Level 1.0 Spellcasting
 - Level 2.6 Hexes


You had 3 spell levels left.
You knew the following spells:

 Your Spells              Type           Power      Damage    Failure   Level
a - Slow                  Hex            28%        N/A       22%         1

Your spell library contained the following spells:

 Spells                   Type           Power      Damage    Failure   Level
 Inner Flame              Hex/Fire       4%         N/A       75%         3
 Portal Projectile        Hex/Tloc       8%         N/A       75%         3
 Cause Fear               Hex            3%         N/A       92%         4

Inventory:

Hand Weapons
 Y - a +1 sling (weapon)
Armour
 d - a +0 ring mail (worn)
Potions
 g - a potion of brilliance {unknown}
 h - a potion of curing {unknown}

Dungeon Overview and Level Annotations

Branches:
Dungeon (2/15)

Altars:


Message History

The adder bites you but does no damage. The endoplasm freezes you.
You are frozen.
You shoot a sling bullet.
The sling bullet closely misses the adder.
The adder bites you but does no damage. x2
The endoplasm freezes you.
You are frozen.
You shoot a sling bullet.
The sling bullet barely misses the adder.
The adder bites you but does no damage.
The endoplasm hits you but does no damage.
The adder bites you but does no damage.
You shoot a sling bullet.
The sling bullet hits the adder but does no damage.
The adder is lightly wounded.
The endoplasm hits you but does no damage.
The adder bites you.
The endoplasm hits you but does no damage.
You shoot a sling bullet.
The sling bullet barely misses the adder.
The adder bites you. The adder bites you but does no damage.
The endoplasm hits you but does no damage.
You shoot a sling bullet.
The sling bullet closely misses the adder.
The adder bites you but does no damage. The endoplasm barely misses you.
The adder bites you.
You shoot a sling bullet. The sling bullet hits the adder.
The adder is severely wounded.
The adder barely misses you.
The endoplasm jiggles.
The endoplasm freezes you.
You are frozen.
The adder bites you but does no damage. The endoplasm freezes you.
You are frozen.
You shoot a sling bullet. The sling bullet hits the adder.
You kill the adder!
The endoplasm freezes you.
You are frozen.
You die...

#.#..#.#.#.# #.#
#####.#..#.#.#.####.####
....#.#..#.#.#.#....)..#
###.#.#..#.#.#.#.#######
#.#.#..#.#.#.#.# #
#.#.#..#.#.#.#.# #
#........#.#.#.# #
#...#..#...#.#.# #
#...#........#@# #
#...#.##.)...%J###### #
####.......#.###....#
####8##.....)#.....##.#
...#_##......#.######.#
####.##......#........#
##~~.##.>....##########
P~PP.##..#(.........#
~...###..#........#.#


You could see an endoplasm.

Vanquished Creatures
  An adder (D:1)
  2 dart slugs (D:1)
  A bat (D:1)
  2 endoplasms (D:1)
  A giant cockroach (D:1)
  6 goblins (D:1)
  3 hobgoblins (D:1)
  A kobold (D:1)
  2 quokkas (D:1)
  A ball python (D:1)
  4 rats (D:1)
24 creatures vanquished.

Notes
Turn   | Place    | Note
-------+----------+-------------------------------------------
     0 | D:1      | qw the Gargoyle Hexslinger began the quest for the Orb.
     0 | D:1      | Reached XP level 1. HP: 12/12 MP: 2/2
     0 | D:1      | 0 ||| qw: Version: 0.3-a-26-gee661ec
     0 | D:1      | 0 ||| qw: Game counter: 7233
     0 | D:1      | 0 ||| qw: Melee chars always use a shield: true
     0 | D:1      | 0 ||| qw: God list: Okawaru
     0 | D:1      | 0 ||| qw: Allow faded altars: false
     0 | D:1      | 0 ||| qw: Do Orc after clearing Dungeon:15 true
     0 | D:1      | 0 ||| qw: Do second Lair branch before Depths: true
     0 | D:1      | 0 ||| qw: Lair rune preference: random
     0 | D:1      | 0 ||| qw: Goals: Normal
     0 | D:1      | 0 ||| PLANNING D:1-11
    19 | D:1      | 19 ||| FLEEEEING.
    20 | D:1      | 20 ||| FLEEEEING.
    21 | D:1      | 21 ||| FLEEEEING.
    22 | D:1      | 22 ||| FLEEEEING.
    24 | D:1      | 24 ||| FLEEEEING.
    25 | D:1      | 25 ||| FLEEEEING.
    26 | D:1      | 26 ||| FLEEEEING.
    27 | D:1      | 27 ||| FLEEEEING.
    28 | D:1      | 28 ||| FLEEEEING.
   171 | D:1      | Reached XP level 2. HP: 16/16 MP: 3/3
   214 | D:1      | 214 ||| FLEEEEING.
   216 | D:1      | 216 ||| FLEEEEING.
   255 | D:1      | Reached skill level 3 in Ranged Weapons
   354 | D:1      | Reached XP level 3. HP: 21/21 MP: 4/4
   782 | D:1      | Found a faded altar of an unknown god.
   909 | D:1      | 909 ||| UPGRADING to +0 ring mail.
   919 | D:1      | 919 ||| DROPPING +0 robe.
   920 | D:1      | 920 ||| READING scroll labelled RYCRYR OXULAL.
   921 | D:1      | 921 ||| READING scroll labelled UNAOLEZXIRCH.
   925 | D:1      | 925 ||| READING scroll labelled YQOUROZILU.
   926 | D:1      | 926 ||| DROPPING scroll of poison.
   950 | D:2      | 950 ||| STAIRDANCE
   958 | D:1      | HP: 4/21 [frozen (2)]
   959 | D:1      | Frozen to death by an endoplasm

Levels and vault maps discovered:
D:1:      mrwooster_arrival_statue_3, layout_basic,
          shapermc_ecumenical_altar_hornbeckon
D:2:      layout_basic

Skill      XL: |  1  2  3 |
---------------+----------+-----
Ranged Weapons | 3 |  3.1
Fighting       | 2 |  2.0
Dodging        | |  1.5
Spellcasting   | |  1.0
Hexes          | |  2.6

Action                     || total
---------------------------++-------
   Fire: Sling             ||    87
    Use: Scroll            ||     3
 Armour: Robe              ||    10
         Ring mail         ||    18
  Dodge: Dodged            ||    29

Table legend:
 A = Non-vault XP
 B = Vault XP
 C = Vault XP percentage of total XP
 D = Non-vault monster count
 E = Vault monster count
 F = Vault count percentage of total count
                 A         B        C        D         E       F
            +---------+---------+-------+---------+---------+-------
      Total |      57 |       0 |   0.0 |      24 |       0 |   0.0
            +---------+---------+-------+---------+---------+-------
        D:1 |      57 |       0 |   0.0 |      24 |       0 |   0.0
            +---------+---------+-------+---------+---------+-------
